 Dungeon Crawl Stone Soup version 0.22.0-27-ga576289 (webtiles) character file.

1540 iamserjio the Ruffian (level 8, 0/120 HPs)
             Began as a Troll Fighter on Aug 22, 2018.
             Was a Follower of Cheibriados.
             Slain by a troll (5 damage)
             ... on level 9 of the Dungeon.
             The game lasted 00:10:44 (1336 turns).

iamserjio the Ruffian (Troll Fighter)               Turns: 1336, Time: 00:10:45

Health: 0/120      AC: 24    Str: 33    XL:     8   Next: 56%
Magic:  7/7        EV:  1    Int:  9    God:    Cheibriados [*.....]
Gold:   48         SH: 11    Dex: 12    Spells: 7/7 levels left

rFire    . . .     SeeInvis .     - Unarmed
rCold    . . .     Gourm    +   b - +0 shield
rNeg     + + +     Faith    .   (armour currently unavailable)
rPois    +         Spirit   .   (helmet currently unavailable)
rElec    .         Reflect  .   (cloak currently unavailable)
rCorr    .         Harm     .   (gloves unavailable)
MR       .....     NoTele   +   (boots unavailable)
Stlth    +.........             (no amulet)
HPRegen  0.70/turn              (no ring)
MPRegen  0.10/turn              (no ring)

@: mighty, tree-form, very slow
A: large, unfitting armour, fast metabolism 3, gourmand, regeneration 1
a: Bend Time, Renounce Religion


You were on level 9 of the Dungeon.
You worshipped Cheibriados.
Cheibriados was aware of your devotion.
You were not hungry.
You were a tree.
You visited 2 branches of the dungeon, and saw 10 of its levels.

You collected 202 gold pieces.
You spent 154 gold pieces at shops.

Inventory:

Hand Weapons
 l - a +1 flail of holy wrath
Armour
 b - a +0 shield (worn)
 h - a cursed +0 robe (melded)
Wands
 e - a wand of flame (19)
 o - a wand of iceblast (2)
Scrolls
 a - a scroll of blinking {unknown}
 f - a scroll of noise {unknown}
 k - a scroll of remove curse {@r2}
 p - a scroll of immolation
 q - a scroll of enchant armour
 s - a scroll of fog
Potions
 g - a potion of cancellation
 n - a potion of might
Comestibles
 d - 6 rations


   Skills:
 + Level 5.1 Fighting
 - Level 2.4 Dodging
 + Level 5.0 Shields
 * Level 7.9 Unarmed Combat


You had 7 spell levels left.
You didn't know any spells.
Your spell library contained the following spells:

 Spells                   Type           Power        Failure   Level  Hunger
 Bolt of Magma            Conj/Fire/Erth #.........   100%        5    ######.
 Iskenderun's Battlesphe  Conj/Chrm      #.......     100%        5    ######.
 Venom Bolt               Conj/Pois      #.........   100%        5    ######.
 Iron Shot                Conj/Erth      #.........   100%        6    #######
 Orb of Destruction       Conj           #.........   100%        7    #######
 Spellforged Servitor     Conj/Summ      #.........   100%        7    #######


Dungeon Overview and Level Annotations

Branches:
Dungeon (9/15)             Temple (1/1) D:4
   Lair: D:8-11         Orc: D:9-12

Altars:
Ashenzari
Cheibriados
Dithmenos
Elyvilon
Fedhas
Gozag
Hepliaklqana
Kikubaaqudgha
Makhleb
Nemelex Xobeh
Okawaru
Ru
Trog
Uskayaw
Vehumet
Xom
Zin
The Shining One

Shops:
D:7 :*??


Innate Abilities, Weirdness & Mutations

You are too large for most types of armour.
((You have claws for hands.))
Your metabolism is lightning-fast.
You like to eat raw meat.
Your natural rate of healing is unusually fast.
((You are covered in fur. (AC +1)))
((You have very tough skin. (AC +2)))


Message History

You block the troll's attack. x2
Your shield prevents you from hitting the troll.
The troll is moderately wounded.
You block the troll's attack. x2; The troll claws you!
* * * LOW HITPOINT WARNING * * *
Okay, then.
You turn into a tree.
Your cursed +0 robe melds into your body.
Your roots penetrate the ground.
A howler monkey comes into view.
You block the troll's attack. The troll claws you but does no damage.
The troll claws you.
* * * LOW HITPOINT WARNING * * *
Okay, then.
You barely miss the troll.
The troll is moderately wounded.
The troll bites you.
* * * LOW HITPOINT WARNING * * *
The troll claws you.
You die...

#... ... ...
########### ..
##.........#
#.##?...#####.#
.Y####.# #.#
#T# #.# #.# #♣#
#.# #.#
..#####h####.#
#.#
.........[...#
#.#
..#####.######
#.# #.# #.# #.#
#.# #.# #.#
#.##########.#
#...<...<....#


You could see a troll, an ice beast and a howler monkey.

Vanquished Creatures
  A two-headed ogre (D:8)
  A hippogriff (D:7)
  2 ogres (D:7)
  A big kobold (D:8)
  A bullfrog (D:6)
  A scorpion (D:5)
  A crimson imp (D:8)
  A centaur zombie (D:5)
  An orc wizard (D:7)
  A bullfrog skeleton (D:7)
  A jelly (D:9)
  A centaur skeleton (D:7)
  Natasha (thrice) (D:2)
  A worker ant (D:7)
  5 adders
  2 shadow imps
  A worm (D:2)
  2 adder skeletons (D:7)
  2 dart slugs
  A leopard gecko (D:3)
  3 orcs
  2 bats
  2 giant cockroaches
  5 goblins
  A hobgoblin (D:3)
  4 jackals (D:4)
  2 quokkas
  A frilled lizard (D:1)
  A giant cockroach zombie (D:5)
  3 kobolds
  A leopard gecko skeleton (D:7)
  A quokka skeleton (D:4)
56 creatures vanquished.

Notes
Turn   | Place    | Note
-------+----------+-------------------------------------------
     0 | D:1      | iamserjio the Troll Fighter began the quest for the Orb.
     0 | D:1      | Reached XP level 1. HP: 22/22 MP: 0/0
   183 | D:2      | Found a hide-covered altar of Uskayaw.
   188 | D:2      | Reached XP level 2. HP: 29/29 MP: 1/1
   190 | D:2      | Noticed Natasha
   193 | D:2      | Noticed a crimson imp
   201 | D:2      | Killed Natasha
   201 | D:2      | Reached skill level 3 in Unarmed Combat
   201 | D:2      | Reached XP level 3. HP: 15/36 MP: 2/2
   219 | D:2      | Found a glowing silver altar of Zin.
   271 | D:2      | Noticed Natasha
   277 | D:2      | Killed Natasha
   277 | D:2      | Reached XP level 4. HP: 44/44 MP: 3/3
   299 | D:2      | Noticed Natasha
   305 | D:2      | Killed Natasha
   414 | D:3      | Reached XP level 5. HP: 53/53 MP: 4/4
   442 | D:4      | Found a staircase to the Ecumenical Temple.
   452 | D:4      | Reached skill level 4 in Unarmed Combat
   480 | Temple   | Entered the Ecumenical Temple
   525 | Temple   | Became a worshipper of Cheibriados the Contemplative
   566 | D:5      | Entered Level 5 of the Dungeon
   633 | D:5      | Found a blossoming altar of Fedhas.
   753 | D:5      | Found a glowing golden altar of the Shining One.
   824 | D:6      | Reached XP level 6. HP: 39/61 MP: 5/5
   909 | D:7      | Found a bloodstained altar of Trog.
   909 | D:7      | Found a shadowy altar of Dithmenos.
   937 | D:7      | Found Xisayrph's Magic Scroll Emporium.
   946 | D:7      | Noticed a hippogriff
   953 | D:7      | Killed a hippogriff
   953 | D:7      | Reached skill level 5 in Unarmed Combat
   981 | D:7      | Bought a scroll of random uselessness for 14 gold pieces
   981 | D:7      | Bought a scroll of fog for 28 gold pieces
   981 | D:7      | Bought a scroll of identify for 28 gold pieces
   986 | D:7      | Bought a scroll of identify for 28 gold pieces
   986 | D:7      | Bought a scroll of identify for 28 gold pieces
   988 | D:7      | Bought a scroll of identify for 28 gold pieces
  1005 | D:7      | Found Plog's Magic Scroll Boutique.
  1005 | D:7      | Found a blossoming altar of Fedhas.
  1040 | D:7      | Reached XP level 7. HP: 70/70 MP: 6/6
  1047 | D:6      | Found a radiant altar of Vehumet.
  1053 | D:7      | Found Gasuaral's Book Shoppe.
  1073 | D:7      | Found a shattered altar of Ashenzari.
  1101 | D:8      | Found a white marble altar of Elyvilon.
  1104 | D:8      | Reached * piety under Cheibriados
  1106 | D:8      | Noticed a two-headed ogre
  1122 | D:7      | Reached skill level 6 in Unarmed Combat
  1184 | D:7      | Found Kutwuekk's General Store.
  1257 | D:8      | Killed a two-headed ogre
  1257 | D:8      | Reached skill level 5 in Fighting
  1257 | D:8      | Reached skill level 5 in Shields
  1257 | D:8      | Reached skill level 7 in Unarmed Combat
  1257 | D:8      | Reached XP level 8. HP: 7/80 MP: 7/7
  1265 | D:8      | HP: 1/80 [big kobold/short sword (8)]
  1321 | D:9      | Noticed a troll
  1335 | D:9      | HP: 5/120 [troll (5)]
  1336 | D:9      | Slain by a troll

Skill      XL: |  1  2  3  4  5  6  7 |
---------------+----------------------+-----
Unarmed Combat | 3 4 5 7 |  7.9
Fighting       | 3 4 5 |  5.1
Shields        | 3 5 |  5.0
Dodging        | |  2.4

Action                   |  1- 3 |  4- 6 |  7- 9 || total
-------------------------+-------+-------+-------++-------
Melee: Unarmed           |    44 |   100 |    55 ||   199
Evoke: Wand              |       |       |     6 ||     6
  Use: Potion            |     1 |       |     2 ||     3
       Scroll            |       |     8 |       ||     8
  Eat: Chunk             |       |    11 |     3 ||    14
Armor: Robe              |    11 |    30 |    12 ||    53
       Skin              |       |       |     1 ||     1
Dodge: Dodged            |    15 |    43 |    14 ||    72
Block: Shield            |    17 |    60 |    36 ||   113
